 Dungeon Crawl Stone Soup version 0.27.1-1-g398f81649c (webtiles) character file.

Game seed: 405133855715406097

245 pokedragonboy the Conjurer (level 5, -2/28 HPs)
             Began as a Deep Elf Conjurer on Sept 12, 2021.
             Slain by Duvessa (8 damage)
             ... on level 4 of the Dungeon.
             The game lasted 00:07:11 (2927 turns).

pokedragonboy the Conjurer (Deep Elf Conjurer)      Turns: 2927, Time: 00:07:13

Health: -2/28      AC:  2    Str:  4    XL:     5   Next: 84%
Magic:  7/14       EV: 13    Int: 24    God:
Gold:   161        SH:  0    Dex: 13    Spells: 10/13 levels left

rFire    . . .     SeeInvis .   g - +0 dagger
rCold    . . .     Faith    .   (no shield)
rNeg     . . .     Spirit   .   i - +0 robe
rPois    .         Reflect  .   (no helmet)
rElec    .         Harm     .   k - scarf {+Inv}
rCorr    .         Rampage  .   (no gloves)
Will     .....                  (no boots)
Stlth    ++........             (no amulet)
HPRegen  0.09/turn              (no ring)
MPRegen  0.14/turn              (no ring)

@: no status effects
A: no striking features
a: Evoke Invisibility


You were on level 4 of the Dungeon.
You visited 1 branch of the dungeon, and saw 4 of its levels.

You collected 161 gold pieces.

Inventory:

Hand Weapons
 g - a +0 dagger (weapon)
Armour
 i - a +0 robe (worn)
 k - a scarf of invisibility (worn)
 l - a +0 cloak
 p - a +2 leather armour of cold resistance
Scrolls
 a - 4 scrolls of identify {unknown}
 b - a scroll of enchant weapon {unknown}
 f - a scroll of noise {unknown}
 h - 2 scrolls of fear {unknown}
 j - a scroll of immolation {unknown}
 o - a scroll of vulnerability {unknown}
 t - a scroll of holy word {unknown}
Potions
 c - a potion of ambrosia {unknown}
 d - 2 potions of berserk rage {unknown}
 e - a potion of curing {unknown}
 m - a potion of cancellation {unknown}
 n - a potion of mutation {unknown}
 q - 2 potions of flight {unknown}
 r - a potion of brilliance {unknown}
 s - a potion of invisibility {unknown}


   Skills:
 + Level 3.8 Dodging
 - Level 2.4 Stealth
 + Level 4.9 Spellcasting
 * Level 6.5 Conjurations


You had 10 spell levels left.
You knew the following spells:

 Your Spells              Type           Power      Damage    Failure   Level
a - Magic Dart            Conj           100%       1d8       1%          1
b - Searing Ray           Conj           74%        3d6       1%          2

Your spell library contained the following spells:

 Spells                   Type           Power      Damage    Failure   Level
 Conjure Flame            Conj/Fire      21%        6-21      7%          3
 Dazzling Flash           Conj/Hex       42%        N/A       7%          3
 Sting                    Tmut/Pois      20%        1d4       9%          1
 Poisonous Vapours        Pois/Air       10%        N/A       14%         2
 Fulminant Prism          Conj/Hex       10%        3d9       22%         4
 Iskenderun's Mystic Bla  Conj/Tloc      21%        2d6       22%         4
 Sticky Flame             Conj/Fire      21%        2d4       22%         4
 Ignite Poison            Fire/Tmut/Pois 5%         N/A       26%         3
 Olgreb's Toxic Radiance  Pois           5%         N/A       65%         4


Dungeon Overview and Level Annotations

Branches:
Dungeon (4/15)
 Temple: D:4-7

Altars:
Elyvilon

Shops:
D:2 *   D:3 !

Annotations:
D:4 Duvessa


Message History

Confirm with . or Enter, or press ? or * to list all spells.
Aiming: Magic Dart (safe; 1% risk of failure)
Press: ? - help, Shift-Dir - straight line, f - Duvessa
Aim: Duvessa, wielding a +0 short sword and wearing a +0 leather armour (wandering, hasn't noticed you, 100% to hit)
The magic dart hits Duvessa but does no damage.
Duvessa goes berserk!
Casting: Magic Dart (safe; 1% risk of failure)
Confirm with . or Enter, or press ? or * to list all spells.
You can't see any susceptible monsters within range! (Use Z to cast anyway.)
Casting: Magic Dart (safe; 1% risk of failure)
Confirm with . or Enter, or press ? or * to list all spells.
Aiming: Magic Dart (safe; 1% risk of failure)
Press: ? - help, Shift-Dir - straight line, f/p - Duvessa
Aim: Duvessa, wielding a +0 short sword and wearing a +0 leather armour (berserk, 100% to hit)
The magic dart hits Duvessa.
Duvessa is lightly wounded.
Casting: Magic Dart (safe; 1% risk of failure)
Confirm with . or Enter, or press ? or * to list all spells.
Aiming: Searing Ray (safe; 1% risk of failure)
Press: ? - help, Shift-Dir - straight line, f/p - Duvessa
Aim: Duvessa, wielding a +0 short sword and wearing a +0 leather armour (lightly wounded, berserk, 83% to hit)
The searing ray misses Duvessa. (Press . to maintain the ray.)
You hear an angry buzzing noise. x2
The searing ray misses Duvessa.
A killer bee comes into view.
Duvessa hits you with a +0 short sword.
The searing ray hits Duvessa.
Duvessa is lightly wounded.
Duvessa hits you with a +0 short sword!
Ouch! That really hurt!
* * * LOW HITPOINT WARNING * * *
The searing ray hits Duvessa!
Duvessa is moderately wounded.
The searing ray hits the killer bee!
The killer bee is severely wounded.
You finish channeling your searing ray.
Duvessa hits you with a +0 short sword.
* * * LOW HITPOINT WARNING * * *
Duvessa hits you with a +0 short sword!
You die...

#....#########
#..#..........#
##...########.###
##.## #.... #.#
#...# #.########...#
#.#.........$#####.#
#.#.#######..)...y.#
#.......@eyy.......#
###.########.#.....e
#.# #.#.###.# ..#
#.# # . #### #.. ###


You could see Duvessa (berserk) and 2 killer bees.

Vanquished Creatures
  A bullfrog (D:4)
  Dowan (D:4)
  A hound (D:4)
  An iguana (D:3)
  3 adders
  2 worms (D:2)
  A dart slug (D:2)
  2 orcs (D:3)
  4 endoplasms
  2 giant cockroaches
  2 goblins (D:2)
  4 hobgoblins
  A kobold (D:2)
  3 quokkas
  9 ball pythons
  4 bats
  3 frilled lizards
  2 rats
46 creatures vanquished.

Vanquished Creatures (others)
  A butterfly (D:3)
1 creature vanquished.

Grand Total: 47 creatures vanquished

Notes
Turn   | Place    | Note
-------+----------+-------------------------------------------
     0 | D:1      | pokedragonboy the Deep Elf Conjurer began the quest for the
                  | Orb.
     0 | D:1      | Reached XP level 1. HP: 10/10 MP: 6/6
   366 | D:1      | Reached XP level 2. HP: 15/15 MP: 5/8
   402 | D:1      | Learned a level 2 spell: Searing Ray
   786 | D:2      | Found Enguh's General Store.
  1292 | D:2      | Reached skill level 5 in Conjurations
  1310 | D:2      | Reached XP level 3. HP: 19/19 MP: 0/10
  1429 | D:2      | Found a faded altar of an unknown god.
  1815 | D:3      | Found Teig's Distillery.
  1955 | D:3      | Found a white marble altar of Elyvilon.
  2238 | D:3      | Reached XP level 4. HP: 24/24 MP: 7/12
  2572 | D:4      | Noticed a bullfrog
  2580 | D:4      | Killed a bullfrog
  2581 | D:4      | Reached skill level 6 in Conjurations
  2581 | D:4      | Reached XP level 5. HP: 10/28 MP: 3/13
  2904 | D:4      | Noticed Dowan
  2907 | D:4      | Killed Dowan
  2907 | D:4      | Noticed Duvessa
  2927 | D:4      | Slain by Duvessa

Illustrated notes

Levels and vault maps discovered:
D:1:      lemuel_arrival_behind_the_door_large, layout_loops_cross,
          minmay_misc_feat_nine_boxes, supply_closet_lemuel, minmay_distorted
D:2:      layout_basic, serial_shops, shop_fountains,
          shapermc_ecumenical_altar_notcrosses, kennysheep_generic_room_12
D:3:      layout_loops_ring, nicolae_elyvilon_peaceful_grove, serial_shops,
          nicolae_shop_stone
D:4:      layout_loops_ring, yredelemnul_altar_generic, fedhas_altar_fruit_tree,
          serial_shops, nicolae_shop_temple_entry_statues_fountains,
          uniq_duvessa

Skill      XL: |  1  2  3  4 |
---------------+-------------+-----
Conjurations   | 5 6 |  6.5
Dodging        | 3 |  3.8
Spellcasting   | 4 |  4.9
Stealth        | |  2.4

Action                   |  1- 3 |  4- 6 || total
-------------------------+-------+-------++-------
 Cast: Magic Dart        |    59 |     5 ||    64
       Searing Ray       |     6 |     7 ||    13
Armor: Robe              |       |     1 ||     1
Dodge: Dodged            |     2 |     2 ||     4
